 Dungeon Crawl Stone Soup version 0.31-a0-876-gfe8ebadbca (webtiles) character file.

Game seed: 11287522340142533103

2 kae the Vexing (level 1, -2/13 HPs)
             Began as a Demonspawn Enchanter on Oct 13, 2023.
             Slain by a frilled lizard (3 damage)
             ... on level 1 of the Dungeon.
             The game lasted 00:00:12 (59 turns).

kae the Vexing (Demonspawn Enchanter)                 Turns: 59, Time: 00:00:13

Health: -2/13      AC:  2    Str:  8    XL:     1   Next: 33%
Magic:  3/3        EV: 12    Int: 16    God:
Gold:   0          SH:  0    Dex: 13    Spells: 4/4 levels left

rFire   . . .        a - +1 dagger
rCold   . . .        (no shield)
rNeg    . . .        b - +0 robe
rPois   .            (no helmet)
rElec   .            (no cloak)
rCorr   .            (no gloves)
SInv    .            (no boots)
Will    .....        (no amulet)
Stlth   ++           (no ring)
HPRegen 0.22/turn    (no ring)
MPRegen 0.08/turn

%: no passive effects
@: no status effects
A: no striking features
a: no special abilities


You were on level 1 of the Dungeon.
You visited 1 branch of the dungeon, and saw 1 of its levels.


   Skills:
 * Level 1.0 Short Blades
 - Level 1.7 Dodging
 + Level 2.7 Stealth
 - Level 2.0 Spellcasting
 * Level 3.0 Hexes


You had 4 spell levels left.
You didn't know any spells.
Your spell library contained the following spells:

 Spells                   Type           Power      Damage    Failure   Level
 Ensorcelled Hibernation  Hex/Ice        12%        N/A       17%         2
 Confusing Touch          Hex            11%        N/A       17%         3
 Tukima's Dance           Hex            11%        N/A       17%         3
 Dazzling Flash           Conj/Hex       12%        N/A       32%         3

Inventory:

Hand Weapons
 a - a +1 dagger (weapon)
Armour
 b - a +0 robe (worn)
Potions
 c - 2 potions of invisibility

Dungeon Overview and Level Annotations

Branches:
Dungeon (1/15) Zot: 5941

Altars:

#####.. #.......
#......# . #......#
.. #......# ...
#......#####....
#...............
##########..B.l..#
#......(.....@...#
#..........####.....$
#..........# .....
#..........# ....
#..........# ...
#..........# ##
#........).#
#..........#
#..........#


You could see a giant cockroach and a frilled lizard.


Message History

A rat is nearby!
You barely miss the rat. The rat bites you but does no damage.
You barely miss the rat. The rat completely misses you. 😕 HP[+1]
A rat is nearby!
You hit the rat.
You kill the rat!
No target in view!
No target in view!
No target in view!
A goblin comes into view. It is wielding a +0 dagger. 😎 HP[+1]
Your hp is fully restored (13).
A goblin is nearby!
The goblin shouts!
A goblin is nearby!
The goblin hits you with a +0 dagger.
You closely miss the goblin.
The goblin hits you but does no damage. 😕 HP[-1]
You take 1 damage, and now have 12/13 hp.
A goblin is nearby!
You barely miss the goblin. The goblin closely misses you.
You hit the goblin. The goblin completely misses you.
A goblin is nearby!
You hit the goblin.
You kill the goblin!
Your Short Blades skill increases to level 1!
No target in view!
A hobgoblin comes into view. 😎 HP[+1]
Your hp is fully restored (13).
A hobgoblin is nearby!
A hobgoblin is nearby!
A frilled lizard and a giant cockroach come into view.
There are monsters nearby!
A ball python comes into view.
The frilled lizard hisses angrily.
The hobgoblin shouts!
The ball python hisses angrily.
You hit the hobgoblin but do no damage. The hobgoblin barely misses you.
There are monsters nearby!
You completely miss the hobgoblin.
The hobgoblin hits you but does no damage.
You closely miss the giant cockroach. The giant cockroach barely misses you.
The hobgoblin misses you.
There are monsters nearby!
You miss the frilled lizard. The giant cockroach barely misses you.
The hobgoblin hits you but does no damage.
The frilled lizard barely misses you.
You miss the frilled lizard.
The ball python bites you but does no damage.
The ball python grabs you. The ball python constricts you.
The giant cockroach bites you. The hobgoblin closely misses you.
The frilled lizard bites you. 😮 HP[-4]
You take 4 damage, and now have 9/13 hp.
MASSIVE DAMAGE!! (PAUSE)
You hit the ball python. The ball python barely misses you.
The ball python constricts you. The giant cockroach barely misses you.
You hit the ball python.
You kill the ball python!
The hobgoblin barely misses you. The frilled lizard bites you.
The giant cockroach misses you. The hobgoblin completely misses you.
You hit the hobgoblin.
The giant cockroach waves its antennae.
The giant cockroach misses you. The hobgoblin closely misses you.
The giant cockroach bites you but does no damage.
You hit the hobgoblin. The hobgoblin hits you.
* * * LOW HITPOINT WARNING * * *
The frilled lizard closely misses you.
The giant cockroach closely misses you. 😨 HP[-3]
You take 3 damage, and now have 6/13 hp.
MASSIVE DAMAGE!! (PAUSE)
You hit the hobgoblin. The hobgoblin closely misses you.
The frilled lizard bites you but does no damage.
The giant cockroach closely misses you. 😮 HP[+1]
You completely miss the hobgoblin. The hobgoblin barely misses you.
The frilled lizard bites you but does no damage.
The giant cockroach bites you.
* * * LOW HITPOINT WARNING * * *
😨 HP[-1]
You take 1 damage, and now have 6/13 hp.
Unknown command.
You closely miss the hobgoblin. The hobgoblin closely misses you.
The giant cockroach bites you.
* * * LOW HITPOINT WARNING * * *
The frilled lizard bites you.
* * * LOW HITPOINT WARNING * * *
😱 HP[-4]
You take 4 damage, and now have 2/13 hp.
MASSIVE DAMAGE!! (PAUSE)
You closely miss the hobgoblin. The giant cockroach closely misses you.
The hobgoblin closely misses you. The frilled lizard closely misses you.
You hit the hobgoblin.
You kill the hobgoblin!
The giant cockroach bites you.
* * * LOW HITPOINT WARNING * * *
The frilled lizard bites you.
You die...

Skill      XL: |  1 |
---------------+----+-----
Short Blades   | 1 |  1.0
Dodging        | |  1.7
Stealth        | |  2.7
Spellcasting   | |  2.0
Hexes          | |  3.0

Action                     || total
---------------------------++-------
  Melee: Dagger            ||    27
 Armour: Robe              ||    20
  Dodge: Dodged            ||    29

Levels and vault maps discovered:
D:1:      dpeg_arrival_fog, layout_basic, minmay_split_cup_small

Notes
Turn   | Place    | Note
-------+----------+-------------------------------------------
     0 | D:1      | kae the Demonspawn Enchanter began the quest for the Orb.
     0 | D:1      | Reached XP level 1. HP: 13/13 MP: 3/3
     0 | D:1      | magus.rc [v1.11.3]
    37 | D:1      | Reached skill level 1 in Short Blades
    57 | D:1      | HP: 2/13 [frilled lizard (2)]
    59 | D:1      | Slain by a frilled lizard

Vanquished Creatures
  A goblin (D:1)
  A hobgoblin (D:1)
  A ball python (D:1)
  A rat (D:1)
4 creatures vanquished.

Table legend:
 A = Non-vault XP
 B = Vault XP
 C = Vault XP percentage of total XP
 D = Non-vault monster count
 E = Vault monster count
 F = Vault count percentage of total count
                 A         B        C        D         E       F
            +---------+---------+-------+---------+---------+-------
      Total |       6 |       0 |   0.0 |       4 |       0 |   0.0
            +---------+---------+-------+---------+---------+-------
        D:1 |       6 |       0 |   0.0 |       4 |       0 |   0.0
            +---------+---------+-------+---------+---------+-------

Skill      XL: |  1 |
---------------+----+-----
Short Blades   | 1 |  1.0
Dodging        | |  1.7
Stealth        | |  2.7
Spellcasting   | |  2.0
Hexes          | |  3.0

Action                     || total
---------------------------++-------
  Melee: Dagger            ||    27
 Armour: Robe              ||    20
  Dodge: Dodged            ||    29

Illustrated notes

Table legend:
 A = Kills in this place as a percentage of kills in the entire game.
 B = Kills by you in this place as a percentage of kills by you in the entire game.
 C = Kills by friends in this place as a percentage of kills by friends in the entire game.
 D = Other kills in this place as a percentage of other kills in the entire game.
 E = Experience gained in this place as a percentage of experience gained in the entire game.
 F = Experience gained in this place divided by the number of levels of this place that you have seen.
                   A       B       C       D       E      F
               +-------+-------+-------+-------+-------+----------------------
         Total | 100.0 | 100.0 |   N/A |   N/A | 100.0 |   6.0
       Dungeon | 100.0 | 100.0 |   N/A |   N/A | 100.0 |   6.0
               +-------+-------+-------+-------+-------+----------------------

Table legend: (Time is in decaauts)
 A = Elapsed time spent in this place.
 B = Non-inter-level travel time spent in this place.
 C = Inter-level travel time spent in this place.
 D = Time resting spent in this place.
 E = Time spent auto-exploring this place.
 F = Levels seen in this place.
 G = Mean time per level.
                   A        B        C        D        E       F      G
               +--------+--------+--------+--------+--------+-----+--------+
         Total |     57 |     57 |      0 |      0 |     15 |   1 |   57.0 |
       Dungeon |     57 |     57 |      0 |      0 |     15 |   1 |   57.0 |
               +--------+--------+--------+--------+--------+-----+--------+

Top non-repeatable levels by time:
     D:1: 57 daAuts
